 Dungeon Crawl Stone Soup version 0.31-a0-145-g046c7d2549 (webtiles) character file.

Game seed: 1062124880479969134

27 qw the Shooter (level 2, -1/26 HPs)
             Began as a Minotaur Hunter on June 7, 2023.
             Slain by an orc priest
             ... wielding a +0 short sword
              (2 damage)
             ... on level 2 of the Dungeon.
             The game lasted 00:00:20 (822 turns).

qw the Shooter (Minotaur Hunter)                     Turns: 822, Time: 00:00:21

Health: -1/26      AC:  6    Str: 15    XL:     2   Next: 93%
Magic:  1/1        EV: 12    Int:  6    God:
Gold:   70         SH:  0    Dex: 13    Spells: 1/1 levels left

rFire   . . .        Y - +1 shortbow
rCold   . . .        (shield currently unavailable)
rNeg    . . .        c - +0 leather armour
rPois   .            (helmet restricted)
rElec   .            (no cloak)
rCorr   .            g - +2 pair of gloves
SInv    .            (no boots)
Will    .....        (no amulet)
Stlth   +            (no ring)
HPRegen 0.24/turn    (no ring)
MPRegen 0.07/turn

%: no passive effects
@: no status effects
A: horns 2, retaliatory headbutt
a: no special abilities


You were on level 2 of the Dungeon.
You visited 1 branch of the dungeon, and saw 2 of its levels.

You collected 70 gold pieces.


Innate Abilities, Weirdness & Mutations

You have a pair of horns on your head.
You reflexively headbutt those who attack you in melee.


   Skills:
 - Level 3.0 Fighting
 + Level 5.2 Ranged Weapons
 - Level 2.1 Dodging
 - Level 0.7 Stealth


You had one spell level left.
You didn't know any spells.
Your spell library was empty.

Inventory:

Hand Weapons
 Y - a +1 shortbow (weapon)
Armour
 c - a +0 leather armour (worn)
 g - a +2 pair of gloves (worn)
Scrolls
 a - a scroll of identify
Potions
 f - a potion of curing {unknown}

Dungeon Overview and Level Annotations

Branches:
Dungeon (2/15)

Altars:

Shops:
D:1 [


Message History

The orc misses you. Something hits you but does no damage.
You feel less confused. The orc barely misses you.
You hear some strange, mumbled words.
You are confused.
The orc misses you. Something hits you but does no damage. Something hits you.
The orc barely misses you. The orc closely misses you.
Something hits you but does no damage. The orc barely misses you.
Something hits you but does no damage.
You feel less confused. Something hits you but does no damage.
The orc closely misses you.
The orc priest looks encouraged for a moment.
You shoot an arrow. The arrow hits the orc.
The orc is heavily wounded.
Something hits you. The orc closely misses you.
You shoot an arrow.
The arrow hits the orc but does no damage.
The orc is heavily wounded.
The orc misses you. Something barely misses you.
You shoot an arrow. The arrow hits the orc!
You kill the orc!
You hear some strange, mumbled words.
A puff of flame appears from out of thin air!
The puff of flame hits you.
You hear some strange, mumbled words.
Something tries to affect you, but you resist.
You shoot an arrow.
The arrow closely misses the orc priest.
Something hits you but does no damage. The orc priest barely misses you.
You shoot an arrow.
The arrow closely misses the orc priest.
Something hits you but does no damage.
The orc priest hits you with a +0 short sword.
You shoot an arrow.
The arrow hits the orc priest but does no damage.
You hear some strange, mumbled words.
A puff of flame appears from out of thin air!
The puff of flame hits you.
The orc priest hits you with a +0 short sword.
You die...

#. #. #. .. #.
#. ###.##
###...{########
#....{o@.......
#.#.#o#########
.. #. #. #o #
#. #o #.


You could see an orc priest and an orc.

Vanquished Creatures
  An orc (D:2)
  5 ball pythons (D:1)
  A bat (D:1)
  A giant cockroach (D:1)
  A goblin (D:1)
  6 hobgoblins (D:1)
  A quokka (D:1)
  4 frilled lizards (D:1)
  A kobold (D:1)
  3 rats (D:1)
24 creatures vanquished.

Notes
Turn   | Place    | Note
-------+----------+-------------------------------------------
     0 | D:1      | qw the Minotaur Hunter began the quest for the Orb.
     0 | D:1      | Reached XP level 1. HP: 18/18 MP: 0/0
     0 | D:1      | 0 ||| qw: Version: 0.2-a-117-gc6b5c8b
     0 | D:1      | 0 ||| qw: Game counter: 2442
     0 | D:1      | 0 ||| qw: Always use a shield: true
     0 | D:1      | 0 ||| qw: God list: Okawaru
     0 | D:1      | 0 ||| qw: Allow faded altars: false
     0 | D:1      | 0 ||| qw: Do Orc after D:15 true
     0 | D:1      | 0 ||| qw: Do second Lair branch before Depths: true
     0 | D:1      | 0 ||| qw: Lair rune preference: random
     0 | D:1      | 0 ||| qw: Plans: Normal
     0 | D:1      | 0 ||| PLANNING D:1-11
    90 | D:1      | Reached XP level 2. HP: 25/25 MP: 1/1
    93 | D:1      | Reached skill level 5 in Ranged Weapons
   280 | D:1      | Reached skill level 3 in Fighting
   287 | D:1      | Found Popez's Armour Emporium.
   292 | D:1      | 292 ||| SHOPLISTING +3 ring mail of cold resistance (338
                  | gold, have 22).
   768 | D:1      | 768 ||| UPGRADING to +2 pair of gloves.
   773 | D:1      | 773 ||| READING 2 scrolls labelled MEGUX SELU.
   774 | D:1      | 774 ||| READING scroll labelled HOCWI RAONACIKIS.
   775 | D:1      | 775 ||| DROPPING scroll of butterflies.
   787 | D:2      | 787 ||| STAIRDANCE
   805 | D:2      | 805 ||| Stepping ~*~*~tactically~*~*~ (outnumbered).
   819 | D:2      | HP: 4/26 [something/puff of flame (4)]
   822 | D:2      | HP: 1/26 [something/puff of flame (1)]
   822 | D:2      | Slain by an orc priest

Levels and vault maps discovered:
D:1:      dpeg_arrival_long_road, layout_basic, serial_shops,
          nicolae_shop_hallway_plus
D:2:      layout_basic, basic_altar

Skill      XL: |  1  2 |
---------------+-------+-----
Ranged Weapons | 5 |  5.2
Fighting       | 3 |  3.0
Dodging        | |  2.1
Stealth        | |  0.7

Action                     || total
---------------------------++-------
   Fire: Shortbow          ||    77
    Use: Scroll            ||     2
 Armour: Leather armour    ||    12
  Dodge: Dodged            ||    24

Table legend:
 A = Non-vault XP
 B = Vault XP
 C = Vault XP percentage of total XP
 D = Non-vault monster count
 E = Vault monster count
 F = Vault count percentage of total count
                 A         B        C        D         E       F
            +---------+---------+-------+---------+---------+-------
      Total |      39 |       0 |   0.0 |      24 |       0 |   0.0
            +---------+---------+-------+---------+---------+-------
        D:1 |      36 |       0 |   0.0 |      23 |       0 |   0.0
        D:2 |       3 |       0 |   0.0 |       1 |       0 |   0.0
            +---------+---------+-------+---------+---------+-------
